 Dungeon Crawl Stone Soup version 0.28.0 (webtiles) character file.

Game seed: 8747115514088063872

37 lonewolfV2 the Skirmisher (level 3, -1/29 HPs)
             Began as a Demonspawn Fighter on Feb 10, 2022.
             Slain by a gnoll (6 damage)
             ... on level 2 of the Dungeon.
             The game lasted 00:00:59 (820 turns).

lonewolfV2 the Skirmisher (Demonspawn Fighter)       Turns: 820, Time: 00:00:59

Health: -1/29      AC:  6    Str: 18    XL:     3   Next: 23%
Magic:  3/3        EV:  9    Int:  9    God:
Gold:   28         SH:  4    Dex: 12    Spells: 2/2 levels left

rFire   . . .      SeeInvis .   a - +0 war axe
rCold   . . .      Faith    .   c - +0 buckler
rNeg    . . .      Spirit   .   b - +0 scale mail
rPois   .          Reflect  .   (helmet restricted)
rElec   .          Harm     .   (no cloak)
rCorr   .          Rampage  .   (no gloves)
Will    .....                   (no boots)
Stlth   ..........              (no amulet)
HPRegen 0.09/turn               (no ring)
MPRegen 0.08/turn               (no ring)

@: no status effects
A: antennae 1
a: no special abilities


You were on level 2 of the Dungeon.
You visited 1 branch of the dungeon, and saw 2 of its levels.

You collected 28 gold pieces.

Inventory:

Hand Weapons
 a - a +0 war axe (weapon)
Armour
 b - a +0 scale mail (worn)
 c - a +0 buckler (worn)
Scrolls
 g - a scroll of torment {unknown}
Potions
 d - a potion of might
 e - a potion of curing {unknown}
 f - a potion of flight {unknown}


   Skills:
 + Level 3.3 Fighting
 + Level 2.2 Axes
 + Level 3.0 Armour
 + Level 3.1 Shields


You had 2 spell levels left.
You didn't know any spells.
Your spell library contained the following spells:

 Spells                   Type           Power      Damage    Failure   Level
 Animate Skeleton         Necr           0%         N/A       86%         1
 Apportation              Tloc           0%         N/A       86%         1
 Summon Small Mammal      Summ           0%         N/A       86%         1
 Call Canine Familiar     Summ           0%         N/A       99%         3
 Summon Guardian Golem    Hex/Summ       0%         N/A       99%         3


Dungeon Overview and Level Annotations

Branches:
Dungeon (2/15)

Altars:


Innate Abilities, Weirdness & Mutations

You have a pair of small antennae on your head.


Message History

You kill the quokka! 2 gnolls come into view.
The gnoll shouts! x2
The gnoll moves out of view.
You see here a quokka corpse.
A dart slug and a bat come into view.
A hobgoblin comes into view.
The gnoll hits you with a +0 club. The gnoll barely misses you.
You barely miss the gnoll. You slash the bat!
You kill the bat!
The gnoll closely misses you.
The gnoll hits you from afar with a +0 halberd!
The gnoll closely misses you. The gnoll hits you but does no damage.
The hobgoblin shouts!
The gnoll hits you with a +0 club.
The gnoll throws a throwing net.
The throwing net completely misses you. The hobgoblin barely misses you.
You block the gnoll's attack.
You barely miss the hobgoblin. The gnoll barely misses you.
The gnoll hits you from afar with a +0 spear.
The hobgoblin barely misses you. You block the gnoll's attack.
You barely miss the hobgoblin. You closely miss the gnoll.
The gnoll hits you but does no damage. The hobgoblin closely misses you.
The gnoll barely misses you. x2; The gnoll hits you but does no damage.
The hobgoblin closely misses you.
You hit the hobgoblin.
The hobgoblin is lightly wounded.
You slash the gnoll! The gnoll hits you with a +0 club.
You block the gnoll's attack. The hobgoblin misses you.
You block the gnoll's attack. x2
You closely miss the hobgoblin.
The hobgoblin is lightly wounded.
You closely miss the gnoll. The gnoll barely misses you.
The gnoll hits you from afar with a +0 spear.
* * * LOW HITPOINT WARNING * * *
The hobgoblin hits you.
* * * LOW HITPOINT WARNING * * *
You block the gnoll's attack.
The gnoll hits you from afar with a +0 halberd.
You die...

.....$ ... #
#....##..#
+.##.....#..#
+.#.........##
#.....:.......
#...........# .#.#
##.#ggw..##.##.#.#
# ##gg.###.....[#
#@### #......#
#.#####......#
#(....#......#
#####.#......#####
#.......†.....
###...<(..###
#....#.#.##
#...#...##
#........##


You could see 3 gnolls, a dart slug and a hobgoblin.

Vanquished Creatures
  An adder (D:2)
  A dart slug (D:1)
  3 ball pythons
  2 bats
  An endoplasm (D:1)
  2 giant cockroaches (D:2)
  A goblin (D:1)
  2 hobgoblins
  2 jackals (D:1)
  3 quokkas
  A frilled lizard (D:1)
  A kobold (D:1)
  5 rats (D:1)
25 creatures vanquished.

Vanquished Creatures (others)
  2 fungi (D:2)
2 creatures vanquished.

Grand Total: 27 creatures vanquished

Notes
Turn   | Place    | Note
-------+----------+-------------------------------------------
     0 | D:1      | lonewolfV2 the Demonspawn Fighter began the quest for the
                  | Orb.
     0 | D:1      | Reached XP level 1. HP: 18/18 MP: 1/1
   236 | D:1      | Gained mutation: You have a pair of small antennae on your
                  | head. [demonic ancestry]
   236 | D:1      | Reached XP level 2. HP: 24/24 MP: 2/2
   277 | D:1      | Found a faded altar of an unknown god.
   740 | D:2      | Reached XP level 3. HP: 24/29 MP: 3/3
   820 | D:2      | Slain by a gnoll

Illustrated notes

Levels and vault maps discovered:
D:1:      arrival_zaba_pyramid, layout_basic, hellmonk_ecumenical_altar_run_dry,
          minmay_misc_feat_enclosed, wad_floor_pattern_2
D:2:      layout_loops_ring, kennysheep_generic_room_6, uniq_crazy_yiuf_cottage,
          uniq_sigmund

Skill      XL: |  1  2 |
---------------+-------+-----
Armour         | 3 |  3.0
Axes           | 2 |  2.2
Shields        | 3 |  3.1
Fighting       | |  3.3

Action                   || total
-------------------------++-------
Melee: War axe           ||    53
  Use: Scroll            ||     1
Armor: Scale mail        ||    36
Dodge: Dodged            ||    45
Block: Buckler           ||    15
